AoeStats
← Crow

Black Forest

510927304Analyzed
2v2 RM · 21h ago on Oct 3, 2026· 71m 15s· 4 players
Game mode
Random Map
Map size
Medium (4 player)
Population
200
Speed
Normal
Resources
Standard
Victory
Conquest
Starting age
Dark Age
Ending age
Imperial Age
RankedLock teamsTeams togetherTeam positionsShared explorationLock speedFull tech treeHidden civsTurbo modeCheats
Victory
Defeat
🇨🇱 Hindustanis · Chile
884
+17
🇨🇱 Khmer · Chile
867
+18
🇦🇷 Celts · Argentina
937
-19
🇦🇺 Franks · Australia
865
-16
Magocuro
0:50 Loom
12:22 Feudal Age
16:26 Castle Age
14:57 Double-Bit Axe
15:21 Horse Collar
20:06 Heavy Plow
21:13 Bow Saw
21:20 Town Watch
24:33 Gold Mining
27:25 Wheelbarrow
28:29 Forging
28:56 Husbandry
29:07 Bloodlines
29:29 Stone Mining
29:56 Scale Barding Armor
39:23 Light Cavalry
40:33 Caravan
43:38 Imperial Age
41:25 Hand Cart
41:59 Iron Casting
41:45 Chain Barding Armor
41:17 Fletching
41:27 Padded Archer Armor
41:41 Tusk Swords
42:36 Ballistics
42:07 Heated Shot
42:29 Masonry
42:15 Murder Holes
42:28 Scale Mail Armor
43:13 Guard Tower
45:02 Conscription
44:10 Elite Ballista Elephant
45:27 Hoardings
44:54 Bodkin Arrow
45:15 Leather Archer Armor
46:04 Chemistry
45:10 Siege Engineers
45:33 Heavy Scorpion
45:39 Capped Ram
47:23 Crop Rotation
46:36 Siege Ram
46:40 Hussar
59:28 Plate Barding Armor
59:54 Blast Furnace
59:10 Chain Mail Armor
58:56 Bracer
59:26 Ring Archer Armor
70:24 Keep
70:20 Architecture
Crow
0:30 Loom
16:38 Feudal Age
17:06 Double-Bit Axe
23:30 Horse Collar
28:04 Castle Age
26:44 Scale Barding Armor
26:50 Forging
27:39 Gold Mining
28:13 Bloodlines
29:07 Husbandry
29:41 Chain Barding Armor
32:31 Iron Casting
36:33 Bow Saw
36:28 Heavy Plow
36:34 Scale Mail Armor
37:41 Chain Mail Armor
38:30 Wheelbarrow
37:41 Town Watch
39:35 Stone Mining
43:54 Imperial Age
42:54 Caravan
45:40 Blast Furnace
44:11 Heavy Camel Rider
45:43 Plate Barding Armor
46:35 Elite Ghulam
56:38 Imperial Camel Rider
62:35 Two-Man Saw
61:53 Hand Cart
63:04 Conscription
62:49 Grand Trunk Road
63:56 Siege Elephant
Erickinio
0:39 Loom
14:16 Feudal Age
14:38 Man-at-Arms
15:38 Double-Bit Axe
20:51 Arson
21:19 Forging
24:12 Scale Mail Armor
29:29 Castle Age
28:32 Stone Mining
28:33 Gold Mining
30:30 Wheelbarrow
29:48 Town Watch
30:43 Bow Saw
30:56 Pikeman
31:21 Gambesons
32:13 Iron Casting
34:06 Stronghold
39:07 Chain Mail Armor
39:33 Hand Cart
41:03 Gold Shaft Mining
41:04 Stone Shaft Mining
42:19 Murder Holes
42:35 Masonry
43:42 Town Patrol
47:45 Imperial Age
47:44 Ballistics
47:35 Long Swordsman
47:48 Halberdier
49:00 Plate Mail Armor
49:44 Blast Furnace
48:52 Siege Engineers
48:58 Fortified Wall
49:48 Chemistry
49:25 Conscription
49:07 Two-Handed Swordsman
50:47 Furor Celtica
51:48 Champion
52:30 Fletching
54:51 Onager
56:33 Chemistry
56:00 Siege Onager
58:44 Padded Archer Armor
59:41 Elite Skirmisher
61:04 Elite Woad Raider
69:18 Crossbowman
Shonhor
3:39 Loom
16:44 Feudal Age
21:49 Castle Age
21:23 Double-Bit Axe
33:39 Imperial Age
31:52 Gold Mining
32:29 Bow Saw
32:42 Town Watch
32:52 Fletching
37:07 Pikeman
38:26 Conscription
40:52 Wheelbarrow
41:10 Ballistics
41:37 Arson
43:36 Cavalier
44:18 Husbandry
44:43 Squires
45:12 Stone Mining
45:57 Gold Shaft Mining
48:40 Halberdier
50:16 Capped Ram
51:20 Forging
51:13 Scale Mail Armor
51:20 Scale Barding Armor
51:14 Bodkin Arrow
53:19 Chain Mail Armor
53:44 Iron Casting
53:15 Scale Barding Armor
61:44 Hand Cart
Connection lost

Rejoining the realm…

Still unreachable

The connection could not be restored.

Session expired

The server has moved on; the page needs a fresh start.